Penguins vs Sabres

Created - 7 novembre 2020 at 20:39

Goals
1 2 3 OT1 T
Penguins 1 0 0 0 1
Sabres 1 0 0 1 2
Shots
1 2 3 OT1 T
Penguins 11 9 6 0 26
Sabres 9 8 7 3 27

1st period

1. Sabres , Rasmus Ristolainen 2 (Leon Draisaitl 1, Kris Letang 1) at 11:58
2. Penguins , David Perron 2 (Nathan MacKinnon 6, Jonathan Huberdeau 2) at 14:03

Penalties :
Erik Gustafsson (BUF) for Holding (Minor) at 3:14

2nd period

No Goal

Penalties :
Kris Letang (BUF) for Hooking (Minor) at 16:44

3rd period

No Goal

Penalties :
Drew Doughty (PIT) for Hooking (Minor) at 13:52

Overtime #1

3. Sabres , Kris Letang 1 (Ryan Nugent-Hopkins 2, Leon Draisaitl 2) at 0:34

Penalties :
No Penalty

Goalie Stats

Connor Hellebuyck (PIT), 25 saves from 27 shots - (0,926), OTL, 3-1-2, 60:35 minutes
Matt Murray (BUF), 25 saves from 26 shots - (0,962), W, 3-0-0, 60:35 minutes

Players Stats for Penguins

Player Name              G  A  P  +/- PIM S  H  SB GA TA FO     MP     PP MP  PK MP  
------------------------------------------------------------------------------------
Adrian Kempe             0  0  0  -1  0   1  1  0  0  0  2/17   19:21   0:00   0:47 
Alex DeBrincat           0  0  0   0  0   4  2  0  0  0  1/2    15:52   2:25   0:30 
Alexander Nylander       0  0  0   0  0   1  1  0  0  0  0/0    11:15   0:00   0:00 
Brent Seabrook           0  0  0   1  0   0  4  1  0  0  0/0    18:51   0:00   0:16 
Clayton Keller           0  0  0   0  0   3  0  0  0  0  0/0    15:46   0:00   0:00 
David Perron             1  0  1   0  0   3  3  0  0  0  1/1    19:00   2:08   0:00 
Drew Doughty             0  0  0   0  2   1  0  1  0  0  0/0    24:20   2:25   0:00 
Filip Hronek             0  0  0   1  0   0  0  3  0  0  0/0    21:03   1:33   0:55 
Gabriel Landeskog        0  0  0  -1  0   0  0  0  0  0  0/0     4:03   0:51   0:00 
Jonathan Huberdeau       0  1  1   1  0   3  1  0  0  0  0/1    19:20   1:50   0:00 
Julien Gauthier          0  0  0   0  0   1  0  0  0  0  0/9    12:12   0:42   0:00 
Marcus Pettersson        0  0  0  -1  0   1  0  3  0  0  0/0    15:00   0:00   0:43 
Max Domi                 0  0  0   0  0   0  0  0  0  0  8/16   14:02   1:50   1:12 
Nathan MacKinnon         0  1  1  -1  0   3  1  0  0  0  8/21   19:35   2:08   0:00 
Oliver Bjorkstrand       0  0  0   0  0   1  1  0  0  0  0/1    16:03   0:00   0:17 
Oskar Lindblom           0  0  0   0  0   2  2  0  0  0  0/3    12:42   0:00   1:12 
Shea Weber               0  0  0  -1  0   2  1  2  0  0  0/0    25:23   2:25   1:12 
Victor Mete              0  0  0  -1  0   0  0  1  0  0  0/0    15:57   1:33   0:52 

Players Stats for Sabres

Player Name              G  A  P  +/- PIM S  H  SB GA TA FO     MP     PP MP  PK MP  
------------------------------------------------------------------------------------
Adam Pelech              0  0  0  -1  0   0  0  2  0  0  0/0    17:10   0:00   2:16 
Alec Martinez            0  0  0  -1  0   1  1  1  0  0  0/0    17:18   0:00   2:24 
Christian Djoos          0  0  0   0  0   0  0  0  0  0  0/0     3:54   0:00   0:24 
Elias Lindholm           0  0  0   0  0   4  3  0  0  0  1/1    17:17   1:07   1:07 
Erik Gustafsson          0  0  0   0  2   0  2  1  0  0  0/0    20:54   1:07   1:10 
Jonathan Drouin          0  0  0  -1  0   1  1  0  0  0  0/0    15:31   0:33   0:00 
Kevin Fiala              0  0  0   0  0   2  0  0  0  0  1/1    18:05   0:34   0:00 
Kris Letang              1  1  2   2  2   5  0  2  0  0  0/0    21:57   0:52   0:00 
Lars Eller               0  0  0  -1  0   1  0  0  0  0  15/18  16:07   0:00   1:09 
Leon Draisaitl           0  2  2   2  0   2  0  0  0  0  20/28  23:39   0:52   0:38 
Luke Glendening          0  0  0   0  0   0  1  0  0  0  1/3     4:10   0:00   1:42 
Nic Dowd                 0  0  0   0  0   0  0  0  0  0  0/0     2:11   0:00   2:11 
Nikolaj Ehlers           0  0  0  -1  0   1  0  0  0  0  0/0    18:02   0:52   0:00 
Rasmus Dahlin            0  0  0   0  0   0  1  2  0  0  0/0    16:15   1:07   0:00 
Rasmus Ristolainen       1  0  1   1  0   2  2  0  0  0  0/0    23:05   0:52   1:42 
Ryan Nugent-Hopkins      0  1  1   2  0   3  0  0  0  0  1/1    23:01   0:52   0:00 
Tom Wilson               0  0  0   1  0   3  6  0  0  0  0/0    22:43   0:00   1:09 
Tyler Seguin             0  0  0   0  0   2  1  0  0  0  12/19  16:26   1:07   0:00 

3 Stars

1 - Kris Letang (BUF)
2 - Leon Draisaitl (BUF)
3 - Rasmus Ristolainen (BUF)

Power Play

Penguins - 0 on 2 Attempt(s) - 0,00%
Sabres - 0 on 1 Attempt(s) - 0,00%

Penalty Kill

Penguins - 1 on 1 Attempt(s) - 100,00% - Score 0 goal in Penalty Kill
Sabres - 2 on 2 Attempt(s) - 100,00% - Score 0 goal in Penalty Kill

Team Stat

Penguins - Hits : 17 - Faceoff Wins : 20 - Blocked Shots : 11 - Penalty Minutes : 2
Sabres - Hits : 18 - Faceoff Wins : 51 - Blocked Shots : 8 - Penalty Minutes : 4

Official

Referees : Mitch Dunning and Andrew Howard
Linesman : Scott Cherrey and Steven Walsh

Game Notes

Gabriel Landeskog is injured at 13:31 of 1st period (Back Spasms)

Finance

Level 1 -- Attendance: 5827 (89,65%) -- Ticket Income 576 873 $
Level 2 -- Attendance: 5000 (100,00%) -- Ticket Income 395 000 $
Level 3 -- Attendance: 3158 (90,23%) -- Ticket Income 186 322 $
Level 4 -- Attendance: 3070 (100,00%) -- Ticket Income 89 030 $
Luxury Box -- Attendance: 931 (93,10%) -- Ticket Income 213 199 $
Game was played at the Buffalo Pete Center.
Total Attendance: 17986 (94,32%)
Total Ticket Income: 1 460 424 $
Other Income: 715 608 $
Total Income: 2 176 032 $

% Time on Ice - Penguins

Lines # - Real PCT - Wanted PCT - Time Play
Normal Forward
1 - 31% - 33% - 16:52
2 - 18% - 31% - 9:55
3 - 29% - 26% - 15:46
4 - 21% - 10% - 11:30
Normal Defense
1 - 39% - 40% - 21:11
2 - 34% - 35% - 18:35
3 - 25% - 25% - 13:32
4 - 1% - 0% - 0:45
PP Forward
1 - 54% - 60% - 2:08
2 - 46% - 40% - 1:50
PP Defense
1 - 61% - 60% - 2:25
2 - 39% - 40% - 1:33
PK Forward
1 - 86% - 60% - 1:42
2 - 14% - 40% - 0:17
PK Defense
1 - 74% - 60% - 1:28
2 - 26% - 40% - 0:31
PK3 Forward
1 - 0% - 60%
2 - 0% - 40%
PK3 Defense
1 - 0% - 60%
2 - 0% - 40%
44 Forward
1 - 0% - 60%
2 - 0% - 40%
44 Defense
1 - 0% - 60%
2 - 0% - 40%
Last Minute Offensive  - 0:00
Last Minute Defensive  - 0:00
Total
Forward - 60:00
Defense - 60:00

% Time on Ice - Sabres

Lines # - Real PCT - Wanted PCT - Time Play
Normal Forward
1 - 40% - 40% - 21:34
2 - 28% - 30% - 15:03
3 - 28% - 20% - 14:58
4 - 5% - 10% - 2:28
Normal Defense
1 - 38% - 40% - 20:31
2 - 28% - 30% - 15:08
3 - 28% - 20% - 14:54
4 - 6% - 10% - 3:30
PP Forward
1 - 44% - 60% - 0:52
2 - 56% - 40% - 1:07
PP Defense
1 - 44% - 60% - 0:52
2 - 56% - 40% - 1:07
PK Forward
1 - 71% - 60% - 2:49
2 - 29% - 40% - 1:09
PK Defense
1 - 33% - 60% - 1:18
2 - 67% - 40% - 2:40
PK3 Forward
1 - 0% - 60%
2 - 0% - 40%
PK3 Defense
1 - 0% - 60%
2 - 0% - 40%
44 Forward
1 - 0% - 60%
2 - 0% - 40%
44 Defense
1 - 0% - 60%
2 - 0% - 40%
Last Minute Offensive  - 0:00
Last Minute Defensive  - 0:00
Total
Forward - 60:00
Defense - 60:00

Play-by-Play

1st period


0:01 of 1st period - Leon Draisaitl wins face-off versus Nathan MacKinnon in neutral zone.
0:16 of 1st period - Shot by Nathan MacKinnon.
0:16 of 1st period - Deflect By David Perron.
0:16 of 1st period - Stopped by Matt Murray without a rebound.
0:17 of 1st period - Tyler Seguin wins face-off versus Max Domi in Sabres zone.
0:55 of 1st period - Shot by Elias Lindholm.
0:55 of 1st period - Stopped by Connor Hellebuyck without a rebound.
0:56 of 1st period - Lars Eller wins face-off versus Adrian Kempe in Penguins zone.
1:10 of 1st period - Icing by Victor Mete.
1:11 of 1st period - Adrian Kempe wins face-off versus Leon Draisaitl in Penguins zone.
1:11 of 1st period - Adrian Kempe is hit by Tom Wilson.
1:14 of 1st period - Oliver Bjorkstrand is hit by Tom Wilson and loses puck.
1:29 of 1st period - Victor Mete is hit by Tom Wilson and loses puck.
1:36 of 1st period - Shot by Adrian Kempe.
1:36 of 1st period - Shot Misses the Net.
1:43 of 1st period - Adrian Kempe is hit by Rasmus Ristolainen and loses puck.
2:43 of 1st period - Alexander Nylander is hit by Luke Glendening and loses puck.
2:48 of 1st period - Kevin Fiala is hit by Oskar Lindblom and loses puck.
3:00 of 1st period - Oskar Lindblom is hit by Erik Gustafsson and loses puck.
3:14 of 1st period - Minor Penalty to Erik Gustafsson for Holding.
3:15 of 1st period - Elias Lindholm wins face-off versus Max Domi in Sabres zone.
3:49 of 1st period - Adam Pelech is hit by Jonathan Huberdeau and loses puck.
4:04 of 1st period - Shot by Tom Wilson.
4:04 of 1st period - Stopped by Connor Hellebuyck without a rebound.
4:05 of 1st period - Nathan MacKinnon wins face-off versus Luke Glendening in Penguins zone.
5:04 of 1st period - Jonathan Huberdeau is hit by Rasmus Ristolainen and loses puck.
5:18 of 1st period - Off-side.
5:19 of 1st period - Tyler Seguin wins face-off versus Adrian Kempe in neutral zone.
5:33 of 1st period - Shot by Tyler Seguin.
5:33 of 1st period - Stopped by Connor Hellebuyck without a rebound.
5:34 of 1st period - Lars Eller wins face-off versus Oskar Lindblom in Penguins zone.
5:47 of 1st period - Shot by Nikolaj Ehlers.
5:47 of 1st period - Stopped by Connor Hellebuyck without a rebound.
5:48 of 1st period - Ryan Nugent-Hopkins wins face-off versus Max Domi in Penguins zone.
5:52 of 1st period - Icing by Shea Weber.
5:53 of 1st period - Max Domi wins face-off versus Leon Draisaitl in Penguins zone.
6:22 of 1st period - Shot by Leon Draisaitl.
6:22 of 1st period - Stopped by Connor Hellebuyck without a rebound.
6:23 of 1st period - Tyler Seguin wins face-off versus Nathan MacKinnon in Penguins zone.
6:32 of 1st period - Shot by Kevin Fiala.
6:32 of 1st period - Stopped by Connor Hellebuyck without a rebound.
6:33 of 1st period - Lars Eller wins face-off versus Adrian Kempe in Penguins zone.
6:44 of 1st period - Shot by Nikolaj Ehlers.
6:44 of 1st period - Shot Blocked by Marcus Pettersson.
7:30 of 1st period - Shot by Elias Lindholm.
7:30 of 1st period - Shot Misses the Net.
7:32 of 1st period - Shot by Alec Martinez.
7:32 of 1st period - Stopped by Connor Hellebuyck without a rebound.
7:33 of 1st period - Nathan MacKinnon wins face-off versus Leon Draisaitl in Penguins zone.
7:33 of 1st period - Nathan MacKinnon is hit by Tom Wilson.
7:41 of 1st period - Shot by Gabriel Landeskog.
7:41 of 1st period - Shot Misses the Net.
7:43 of 1st period - Shot by Drew Doughty.
7:43 of 1st period - Shot Misses the Net.
7:45 of 1st period - Shot by Shea Weber.
7:45 of 1st period - Stopped by Matt Murray with a rebound.
7:51 of 1st period - Shot by Nathan MacKinnon.
7:51 of 1st period - Stopped by Matt Murray without a rebound.
7:52 of 1st period - Max Domi wins face-off versus Tyler Seguin in Sabres zone.
8:03 of 1st period - Shot by Max Domi.
8:03 of 1st period - Shot Misses the Net.
8:05 of 1st period - Shot by Jonathan Huberdeau.
8:05 of 1st period - Stopped by Matt Murray without a rebound.
8:06 of 1st period - Nathan MacKinnon wins face-off versus Leon Draisaitl in Sabres zone.
9:29 of 1st period - Shot by Alex DeBrincat.
9:29 of 1st period - Stopped by Matt Murray without a rebound.
9:30 of 1st period - Tyler Seguin wins face-off versus Adrian Kempe in Sabres zone.
9:30 of 1st period - Tyler Seguin is hit by Oliver Bjorkstrand.
10:49 of 1st period - Drew Doughty is hit by Elias Lindholm and loses puck.
11:34 of 1st period - Shot by Jonathan Huberdeau.
11:34 of 1st period - Shot Blocked by Adam Pelech.
11:36 of 1st period - Shot by Filip Hronek.
11:36 of 1st period - Deflect By Jonathan Huberdeau.
11:36 of 1st period - Shot Blocked by Alec Martinez.
11:38 of 1st period - Shot by Alex DeBrincat.
11:38 of 1st period - Stopped by Matt Murray with a rebound.
11:46 of 1st period - Shot by Alex DeBrincat.
11:46 of 1st period - Stopped by Matt Murray without a rebound.
11:47 of 1st period - Leon Draisaitl wins face-off versus Nathan MacKinnon in Sabres zone.
11:56 of 1st period - Shot by Leon Draisaitl.
11:56 of 1st period - Shot Blocked by Marcus Pettersson.
11:58 of 1st period - Shot by Rasmus Ristolainen.
11:58 of 1st period - Goal by Rasmus Ristolainen - Penguins : 0 - Sabres : 1.
11:59 of 1st period - Leon Draisaitl wins face-off versus Adrian Kempe in neutral zone.
13:00 of 1st period - Shot by David Perron.
13:00 of 1st period - Stopped by Matt Murray without a rebound.
13:01 of 1st period - Max Domi wins face-off versus Lars Eller in Sabres zone.
13:11 of 1st period - Off-side.
13:12 of 1st period - Kevin Fiala wins face-off versus Nathan MacKinnon in neutral zone.
13:12 of 1st period - Kevin Fiala is hit by Nathan MacKinnon.
13:30 of 1st period - Gabriel Landeskog is hit by Elias Lindholm and loses puck.
13:31 of 1st period - Gabriel Landeskog from Penguins is injured at 13:31 of 1st period (Back Spasms).
13:32 of 1st period - Lars Eller wins face-off versus Max Domi in Penguins zone.
13:47 of 1st period - Icing by Alec Martinez.
13:48 of 1st period - David Perron wins face-off versus Lars Eller in Sabres zone.
14:03 of 1st period - Shot by David Perron.
14:03 of 1st period - Goal by David Perron - Penguins : 1 - Sabres : 1.
14:04 of 1st period - Tyler Seguin wins face-off versus Adrian Kempe in neutral zone.
14:41 of 1st period - Shot by Rasmus Dahlin.
14:41 of 1st period - Shot Misses the Net.
15:21 of 1st period - Shot by Ryan Nugent-Hopkins.
15:21 of 1st period - Shot Blocked by Drew Doughty.
16:18 of 1st period - Off-side.
16:19 of 1st period - Tyler Seguin wins face-off versus Julien Gauthier in neutral zone.
16:45 of 1st period - Shot by Alexander Nylander.
16:45 of 1st period - Shot Misses the Net.
16:47 of 1st period - Shot by Julien Gauthier.
16:47 of 1st period - Shot Misses the Net.
16:49 of 1st period - Shot by Oskar Lindblom.
16:49 of 1st period - Stopped by Matt Murray without a rebound.
16:50 of 1st period - Max Domi wins face-off versus Leon Draisaitl in Sabres zone.
16:57 of 1st period - Shot by Jonathan Huberdeau.
16:57 of 1st period - Stopped by Matt Murray without a rebound.
16:58 of 1st period - Max Domi wins face-off versus Leon Draisaitl in Sabres zone.
16:59 of 1st period - Shot by Jonathan Huberdeau.
16:59 of 1st period - Shot Misses the Net.
17:08 of 1st period - Rasmus Ristolainen is hit by Brent Seabrook and loses puck.
17:35 of 1st period - Shot by Kris Letang.
17:35 of 1st period - Stopped by Connor Hellebuyck with a rebound.
17:41 of 1st period - Shot by Leon Draisaitl.
17:41 of 1st period - Shot Misses the Net.
17:51 of 1st period - Erik Gustafsson is hit by Alex DeBrincat and loses puck.
17:59 of 1st period - Icing by Rasmus Dahlin.
18:00 of 1st period - Luke Glendening wins face-off versus Nathan MacKinnon in Sabres zone.
18:22 of 1st period - Shot by Kevin Fiala.
18:22 of 1st period - Deflect By Nikolaj Ehlers.
18:22 of 1st period - Shot Blocked by Victor Mete.
Goals for this period are 1 for Penguins vs 1 for Sabres.
Shots for this period are 11 for Penguins vs 9 for Sabres.

2nd period


0:01 of 2nd period - Tyler Seguin wins face-off versus Max Domi in neutral zone.
0:04 of 2nd period - Shot by Kris Letang.
0:04 of 2nd period - Stopped by Connor Hellebuyck with a rebound.
0:08 of 2nd period - Shot by Elias Lindholm.
0:08 of 2nd period - Stopped by Connor Hellebuyck with a rebound.
1:09 of 2nd period - Nathan MacKinnon is hit by Tom Wilson and loses puck.
2:17 of 2nd period - Alexander Nylander is hit by Alec Martinez and loses puck.
2:34 of 2nd period - Shot by Clayton Keller.
2:34 of 2nd period - Shot Hit the Post.
2:44 of 2nd period - Shot by Adrian Kempe.
2:44 of 2nd period - Stopped by Matt Murray without a rebound.
2:45 of 2nd period - Max Domi wins face-off versus Tyler Seguin in Sabres zone.
2:56 of 2nd period - Shot by Elias Lindholm.
2:56 of 2nd period - Shot Misses the Net.
4:11 of 2nd period - Shot by Leon Draisaitl.
4:11 of 2nd period - Shot Blocked by Filip Hronek.
4:13 of 2nd period - Shot by Erik Gustafsson.
4:13 of 2nd period - Shot Blocked by Filip Hronek.
4:15 of 2nd period - Shot by Erik Gustafsson.
4:15 of 2nd period - Deflect By Leon Draisaitl.
4:15 of 2nd period - Shot Misses the Net.
4:17 of 2nd period - Shot by Tom Wilson.
4:17 of 2nd period - Shot Misses the Net.
4:19 of 2nd period - Shot by Leon Draisaitl.
4:19 of 2nd period - Stopped by Connor Hellebuyck without a rebound.
4:20 of 2nd period - Lars Eller wins face-off versus Julien Gauthier in Penguins zone.
4:55 of 2nd period - Shot by Alexander Nylander.
4:55 of 2nd period - Stopped by Matt Murray with a rebound.
4:57 of 2nd period - Shot by Julien Gauthier.
4:57 of 2nd period - Stopped by Matt Murray with a rebound.
5:26 of 2nd period - Shot by Jonathan Huberdeau.
5:26 of 2nd period - Stopped by Matt Murray without a rebound.
5:27 of 2nd period - Leon Draisaitl wins face-off versus Nathan MacKinnon in Sabres zone.
5:31 of 2nd period - Rasmus Dahlin is hit by Brent Seabrook and loses puck.
5:45 of 2nd period - Icing by Leon Draisaitl.
5:46 of 2nd period - Leon Draisaitl wins face-off versus Adrian Kempe in Sabres zone.
6:42 of 2nd period - David Perron is hit by Erik Gustafsson.
6:44 of 2nd period - Shot by Nathan MacKinnon.
6:44 of 2nd period - Stopped by Matt Murray with a rebound.
7:06 of 2nd period - Shot by Elias Lindholm.
7:06 of 2nd period - Stopped by Connor Hellebuyck without a rebound.
7:07 of 2nd period - Lars Eller wins face-off versus Julien Gauthier in Penguins zone.
7:08 of 2nd period - Shot by Nikolaj Ehlers.
7:08 of 2nd period - Shot Misses the Net.
7:18 of 2nd period - Shot by Filip Hronek.
7:18 of 2nd period - Shot Misses the Net.
8:00 of 2nd period - Shot by Jonathan Huberdeau.
8:00 of 2nd period - Shot Misses the Net.
8:07 of 2nd period - Icing by Alec Martinez.
8:08 of 2nd period - Nathan MacKinnon wins face-off versus Lars Eller in Sabres zone.
8:17 of 2nd period - Shot by David Perron.
8:17 of 2nd period - Shot Misses the Net.
8:19 of 2nd period - Shot by Victor Mete.
8:19 of 2nd period - Shot Misses the Net.
8:34 of 2nd period - Shot by Alex DeBrincat.
8:34 of 2nd period - Shot Misses the Net.
8:36 of 2nd period - Shot by Alex DeBrincat.
8:36 of 2nd period - Stopped by Matt Murray without a rebound.
8:37 of 2nd period - Tyler Seguin wins face-off versus Adrian Kempe in Sabres zone.
8:53 of 2nd period - Shot by Tyler Seguin.
8:53 of 2nd period - Stopped by Connor Hellebuyck with a rebound.
8:55 of 2nd period - Shot by Rasmus Ristolainen.
8:55 of 2nd period - Stopped by Connor Hellebuyck without a rebound.
8:56 of 2nd period - Leon Draisaitl wins face-off versus Julien Gauthier in Penguins zone.
9:00 of 2nd period - Tom Wilson is hit by Brent Seabrook and loses puck.
9:29 of 2nd period - Shot by Leon Draisaitl.
9:29 of 2nd period - Deflect By Ryan Nugent-Hopkins.
9:29 of 2nd period - Stopped by Connor Hellebuyck without a rebound.
9:30 of 2nd period - Max Domi wins face-off versus Tyler Seguin in Penguins zone.
9:43 of 2nd period - Shot by Jonathan Huberdeau.
9:43 of 2nd period - Shot Misses the Net.
9:45 of 2nd period - Shot by Shea Weber.
9:45 of 2nd period - Shot Misses the Net.
9:47 of 2nd period - Shot by Drew Doughty.
9:47 of 2nd period - Stopped by Matt Murray without a rebound.
9:48 of 2nd period - Leon Draisaitl wins face-off versus Nathan MacKinnon in Sabres zone.
10:04 of 2nd period - Icing by David Perron.
10:05 of 2nd period - Nathan MacKinnon wins face-off versus Tyler Seguin in Penguins zone.
10:32 of 2nd period - Shot by Elias Lindholm.
10:32 of 2nd period - Shot Blocked by Marcus Pettersson.
11:27 of 2nd period - Rasmus Dahlin is hit by Adrian Kempe and loses puck.
11:38 of 2nd period - Shot by Adrian Kempe.
11:38 of 2nd period - Shot Misses the Net.
11:46 of 2nd period - Shot by Oliver Bjorkstrand.
11:46 of 2nd period - Stopped by Matt Murray without a rebound.
11:47 of 2nd period - Lars Eller wins face-off versus Julien Gauthier in Sabres zone.
11:59 of 2nd period - Off-side.
12:00 of 2nd period - Lars Eller wins face-off versus Julien Gauthier in neutral zone.
13:25 of 2nd period - Icing by Rasmus Ristolainen.
13:26 of 2nd period - Leon Draisaitl wins face-off versus Max Domi in Sabres zone.
13:26 of 2nd period - Leon Draisaitl is hit by Alex DeBrincat.
13:38 of 2nd period - Shot by Leon Draisaitl.
13:38 of 2nd period - Shot Blocked by Brent Seabrook.
14:18 of 2nd period - Shot by David Perron.
14:18 of 2nd period - Shot Misses the Net.
14:20 of 2nd period - Shot by Marcus Pettersson.
14:20 of 2nd period - Shot Misses the Net.
14:22 of 2nd period - Shot by Marcus Pettersson.
14:22 of 2nd period - Shot Blocked by Rasmus Dahlin.
15:41 of 2nd period - Shot by Lars Eller.
15:41 of 2nd period - Stopped by Connor Hellebuyck with a rebound.
16:02 of 2nd period - Icing by Rasmus Ristolainen.
16:03 of 2nd period - Leon Draisaitl wins face-off versus Nathan MacKinnon in Sabres zone.
16:09 of 2nd period - Off-side.
16:10 of 2nd period - Leon Draisaitl wins face-off versus Nathan MacKinnon in neutral zone.
16:16 of 2nd period - Icing by Drew Doughty.
16:17 of 2nd period - Leon Draisaitl wins face-off versus Nathan MacKinnon in Penguins zone.
16:29 of 2nd period - Icing by Rasmus Ristolainen.
16:30 of 2nd period - Leon Draisaitl wins face-off versus Julien Gauthier in Sabres zone.
16:44 of 2nd period - Minor Penalty to Kris Letang for Hooking.
16:45 of 2nd period - Nathan MacKinnon wins face-off versus Luke Glendening in Sabres zone.
16:46 of 2nd period - Shot by Alex DeBrincat.
16:46 of 2nd period - Shot Blocked by Adam Pelech.
16:48 of 2nd period - Shot by Drew Doughty.
16:48 of 2nd period - Deflect By Nathan MacKinnon.
16:48 of 2nd period - Shot Misses the Net.
17:24 of 2nd period - Luke Glendening is hit by David Perron and loses puck.
18:05 of 2nd period - Shot by Filip Hronek.
18:05 of 2nd period - Shot Misses the Net.
18:07 of 2nd period - Shot by Jonathan Huberdeau.
18:07 of 2nd period - Shot Misses the Net.
18:09 of 2nd period - Shot by Filip Hronek.
18:09 of 2nd period - Shot Misses the Net.
18:45 of 2nd period - Shot by Nathan MacKinnon.
18:45 of 2nd period - Stopped by Matt Murray with a rebound.
18:48 of 2nd period - Icing by Kris Letang.
18:49 of 2nd period - Lars Eller wins face-off versus Adrian Kempe in Sabres zone.
19:05 of 2nd period - Icing by Brent Seabrook.
19:06 of 2nd period - Leon Draisaitl wins face-off versus Adrian Kempe in Penguins zone.
19:37 of 2nd period - Erik Gustafsson is hit by Brent Seabrook and loses puck.
19:40 of 2nd period - Shot by Tom Wilson.
19:40 of 2nd period - Shot Blocked by Filip Hronek.
Goals for this period are 0 for Penguins vs 0 for Sabres.
Shots for this period are 9 for Penguins vs 8 for Sabres.

3rd period


0:01 of 3rd period - Alex DeBrincat wins face-off versus Tyler Seguin in neutral zone.
0:06 of 3rd period - Shot by Alex DeBrincat.
0:06 of 3rd period - Shot Blocked by Kris Letang.
0:08 of 3rd period - Shot by Shea Weber.
0:08 of 3rd period - Stopped by Matt Murray without a rebound.
0:09 of 3rd period - Nathan MacKinnon wins face-off versus Leon Draisaitl in Sabres zone.
0:10 of 3rd period - Shot by Jonathan Huberdeau.
0:10 of 3rd period - Shot Misses the Net.
0:34 of 3rd period - Shot by Nathan MacKinnon.
0:34 of 3rd period - Shot Blocked by Kris Letang.
0:40 of 3rd period - Shot by Ryan Nugent-Hopkins.
0:40 of 3rd period - Shot Misses the Net.
0:59 of 3rd period - Icing by Drew Doughty.
1:00 of 3rd period - Tyler Seguin wins face-off versus Jonathan Huberdeau in Penguins zone.
1:09 of 3rd period - Shot by Tyler Seguin.
1:09 of 3rd period - Shot Hit the Post.
1:41 of 3rd period - Shot by Elias Lindholm.
1:41 of 3rd period - Stopped by Connor Hellebuyck with a rebound.
2:49 of 3rd period - Shot by Clayton Keller.
2:49 of 3rd period - Stopped by Matt Murray without a rebound.
2:50 of 3rd period - Leon Draisaitl wins face-off versus Julien Gauthier in Sabres zone.
2:50 of 3rd period - Leon Draisaitl is hit by Oskar Lindblom.
3:14 of 3rd period - Alexander Nylander is hit by Tom Wilson and loses puck.
3:21 of 3rd period - Shot by Oskar Lindblom.
3:21 of 3rd period - Shot Misses the Net.
3:23 of 3rd period - Shot by Marcus Pettersson.
3:23 of 3rd period - Stopped by Matt Murray with a rebound.
3:45 of 3rd period - Shot by Clayton Keller.
3:45 of 3rd period - Shot Blocked by Erik Gustafsson.
3:58 of 3rd period - Off-side.
3:59 of 3rd period - Tyler Seguin wins face-off versus Oliver Bjorkstrand in neutral zone.
4:22 of 3rd period - Shot by Clayton Keller.
4:22 of 3rd period - Stopped by Matt Murray with a rebound.
4:29 of 3rd period - Icing by Rasmus Ristolainen.
4:30 of 3rd period - Tyler Seguin wins face-off versus Oskar Lindblom in Sabres zone.
4:35 of 3rd period - Victor Mete is hit by Tyler Seguin and loses puck.
4:57 of 3rd period - Icing by Victor Mete.
4:58 of 3rd period - Lars Eller wins face-off versus Julien Gauthier in Penguins zone.
5:07 of 3rd period - Shot by Nikolaj Ehlers.
5:07 of 3rd period - Deflect By Jonathan Drouin.
5:07 of 3rd period - Stopped by Connor Hellebuyck without a rebound.
5:08 of 3rd period - Lars Eller wins face-off versus Adrian Kempe in Penguins zone.
5:37 of 3rd period - Shot by Nikolaj Ehlers.
5:37 of 3rd period - Shot Misses the Net.
6:17 of 3rd period - Icing by Kris Letang.
6:18 of 3rd period - Leon Draisaitl wins face-off versus Nathan MacKinnon in Sabres zone.
6:18 of 3rd period - Leon Draisaitl is hit by David Perron.
7:08 of 3rd period - Erik Gustafsson is hit by Alexander Nylander.
7:15 of 3rd period - Oskar Lindblom is hit by Rasmus Dahlin.
7:19 of 3rd period - Shot by Oskar Lindblom.
7:19 of 3rd period - Shot Misses the Net.
8:14 of 3rd period - Icing by Filip Hronek.
8:15 of 3rd period - Leon Draisaitl wins face-off versus Adrian Kempe in Penguins zone.
8:20 of 3rd period - Shot by Ryan Nugent-Hopkins.
8:20 of 3rd period - Shot Misses the Net.
8:36 of 3rd period - Shot by Leon Draisaitl.
8:36 of 3rd period - Shot Misses the Net.
8:38 of 3rd period - Shot by Rasmus Ristolainen.
8:38 of 3rd period - Shot Misses the Net.
8:40 of 3rd period - Shot by Tom Wilson.
8:40 of 3rd period - Stopped by Connor Hellebuyck with a rebound.
9:13 of 3rd period - Off-side.
9:14 of 3rd period - Lars Eller wins face-off versus Max Domi in neutral zone.
11:45 of 3rd period - Icing by Elias Lindholm.
11:46 of 3rd period - Nathan MacKinnon wins face-off versus Tyler Seguin in Sabres zone.
12:20 of 3rd period - Shot by Leon Draisaitl.
12:20 of 3rd period - Deflect By Ryan Nugent-Hopkins.
12:20 of 3rd period - Shot Misses the Net.
12:22 of 3rd period - Shot by Rasmus Dahlin.
12:22 of 3rd period - Shot Misses the Net.
12:24 of 3rd period - Shot by Tom Wilson.
12:24 of 3rd period - Stopped by Connor Hellebuyck without a rebound.
12:25 of 3rd period - Leon Draisaitl wins face-off versus Adrian Kempe in Penguins zone.
12:34 of 3rd period - Shot by Clayton Keller.
12:34 of 3rd period - Stopped by Matt Murray without a rebound.
12:35 of 3rd period - Leon Draisaitl wins face-off versus Adrian Kempe in Sabres zone.
13:04 of 3rd period - Shot by Ryan Nugent-Hopkins.
13:04 of 3rd period - Shot Misses the Net.
13:39 of 3rd period - Rasmus Ristolainen is hit by David Perron and loses puck.
13:47 of 3rd period - Elias Lindholm is hit by Shea Weber.
13:52 of 3rd period - Minor Penalty to Drew Doughty for Hooking.
13:53 of 3rd period - Max Domi wins face-off versus Leon Draisaitl in Penguins zone.
14:08 of 3rd period - Shot by Kris Letang.
14:08 of 3rd period - Shot Blocked by Shea Weber.
14:36 of 3rd period - Shot by Oskar Lindblom.
14:36 of 3rd period - Shot Blocked by Rasmus Dahlin.
14:46 of 3rd period - Shot by Kevin Fiala.
14:46 of 3rd period - Shot Misses the Net.
14:48 of 3rd period - Shot by Kevin Fiala.
14:48 of 3rd period - Stopped by Connor Hellebuyck with a rebound.
14:56 of 3rd period - Shot by Erik Gustafsson.
14:56 of 3rd period - Shot Misses the Net.
15:14 of 3rd period - Shot by Ryan Nugent-Hopkins.
15:14 of 3rd period - Stopped by Connor Hellebuyck without a rebound.
15:15 of 3rd period - Adrian Kempe wins face-off versus Tyler Seguin in Penguins zone.
15:21 of 3rd period - Icing by Tyler Seguin.
15:22 of 3rd period - Tyler Seguin wins face-off versus Alex DeBrincat in Sabres zone.
15:29 of 3rd period - Filip Hronek is hit by Elias Lindholm.
16:05 of 3rd period - Shot by Tom Wilson.
16:05 of 3rd period - Deflect By Leon Draisaitl.
16:05 of 3rd period - Shot Misses the Net.
16:20 of 3rd period - Icing by Ryan Nugent-Hopkins.
16:21 of 3rd period - Leon Draisaitl wins face-off versus Oskar Lindblom in Sabres zone.
16:28 of 3rd period - Shot by Tom Wilson.
16:28 of 3rd period - Deflect By Ryan Nugent-Hopkins.
16:28 of 3rd period - Stopped by Connor Hellebuyck with a rebound.
16:30 of 3rd period - Shot by Alec Martinez.
16:30 of 3rd period - Shot Misses the Net.
16:32 of 3rd period - Shot by Ryan Nugent-Hopkins.
16:32 of 3rd period - Shot Hit the Post.
16:52 of 3rd period - Shot by Oskar Lindblom.
16:52 of 3rd period - Stopped by Matt Murray without a rebound.
16:53 of 3rd period - Lars Eller wins face-off versus Max Domi in Sabres zone.
17:40 of 3rd period - Icing by Lars Eller.
17:41 of 3rd period - Lars Eller wins face-off versus Nathan MacKinnon in Sabres zone.
17:46 of 3rd period - Nathan MacKinnon is hit by Jonathan Drouin and loses puck.
19:15 of 3rd period - Shot by Ryan Nugent-Hopkins.
19:15 of 3rd period - Shot Blocked by Shea Weber.
19:17 of 3rd period - Shot by Alec Martinez.
19:17 of 3rd period - Shot Misses the Net.
19:28 of 3rd period - Icing by Shea Weber.
19:29 of 3rd period - Lars Eller wins face-off versus Adrian Kempe in Penguins zone.
Goals for this period are 0 for Penguins vs 0 for Sabres.
Shots for this period are 6 for Penguins vs 7 for Sabres.

Overtime #1


0:01 of 1st overtime period - Leon Draisaitl wins face-off versus Nathan MacKinnon in neutral zone.
0:10 of 1st overtime period - Shot by Ryan Nugent-Hopkins.
0:10 of 1st overtime period - Deflect By Leon Draisaitl.
0:10 of 1st overtime period - Shot Misses the Net.
0:12 of 1st overtime period - Shot by Kris Letang.
0:12 of 1st overtime period - Stopped by Connor Hellebuyck with a rebound.
0:14 of 1st overtime period - Shot by Ryan Nugent-Hopkins.
0:14 of 1st overtime period - Shot Misses the Net.
0:32 of 1st overtime period - Shot by Kris Letang.
0:32 of 1st overtime period - Stopped by Connor Hellebuyck with a rebound.
0:34 of 1st overtime period - Shot by Kris Letang.
0:34 of 1st overtime period - Goal by Kris Letang - Penguins : 1 - Sabres : 2.
Goals for this period are 0 for Penguins vs 1 for Sabres.
Shots for this period are 0 for Penguins vs 3 for Sabres.